cohdb
Replays
Latest Replays
All Replays
Popular Replays
Top Player Replays
Match Explorer
How It Works
Community
CoH3 Stats
Reddit
Sign in to upload your games and track your stats! →
Sign in with Steam
Match 41544000
Unlisted
Match 41544000
Overview
Messages
Build Orders
End
Panzergrenadier Squad
Selects Italian Infantry
Panzergrenadier Squad
Construct Light Support Kompanie
MG34 Team
Selects Defensive Operations
Fire Support Elements
Panzerjäger Squad
Panzerpioneer Squad
2.5-tonne Medical Truck
Forward Retreat Point
Selects Guastatori Squad
Pak 38 Anti-tank Gun Team
Selects Registered Artillery
Construct Panzerarmee Kommand
Registered Artillery
Selects Territory Booby Traps
Guastatori Squad
Panzer III L Medium Tank
Selects Obice 305mm Barrage
Panzer III L Medium Tank
Obice 305mm Barrage
Veteran Squad Leaders
Kradschützen Motorcycle Team
Walking Stuka Rocket Launcher
Kradschützen Motorcycle Team
Obice 305mm Barrage
Flak 36 Anti-tank Gun Team
Panzerpioneer Squad
Armored Reserves
Registered Artillery
Assault Grenadier Squad
Panzer III L Medium Tank
AI Takeover
arbif99
鷹教皇
Dave
Bill D. Garrison
Dalej
Peruz
0
0
Comments
sign in to comment!
No comments posted yet!